 Dungeon Crawl Stone Soup version 0.23.1 (webtiles) character file.

Game seed: 3729433277695866567

88 nganga the Shield-Bearer (level 4, -12/34 HPs)
             Began as a Demigod Fighter on Mar 12, 2019.
             Mangled by an ogre
             ... wielding a +0 giant club
              (15 damage)
             ... on level 2 of the Dungeon.
             The game lasted 00:26:04 (2504 turns).

nganga the Shield-Bearer (Demigod Fighter)          Turns: 2504, Time: 00:26:05

Health: -12/34     AC:  8    Str: 21    XL:     4   Next: 8%
Magic:  6/6        EV: 10    Int: 12    God:
Gold:   87         SH:  0    Dex: 15    Spells: 3/3 levels left

rFire    + . .     SeeInvis .   u - -3 great sword (curse)
rCold    x . .     Gourm    .   (shield currently unavailable)
rNeg     . . .     Faith    .   z - +0 scale mail
rPois    .         Spirit   .   (no helmet)
rElec    .         Reflect  .   (no cloak)
rCorr    .         Harm     .   (no gloves)
MR       .....                  m - +0 pair of boots
Stlth    ..........             (no amulet)
HPRegen  0.11/turn              k - ring of fire
MPRegen  0.10/turn              (no ring)

@: about to teleport
A: talons 1, deterioration 1, frail 1, high mp 1
a: no special abilities


You were on level 2 of the Dungeon.
You were not hungry.

You visited 1 branch of the dungeon, and saw 2 of its levels.

You collected 87 gold pieces.

Inventory:

Hand Weapons
 a - a +0 trident
 e - a +0 trident
 l - a +0 hunting sling
 n - a +0 long sword
 u - a cursed -3 great sword (weapon)
 v - a +0 mace
 w - a +0 rapier
Missiles
 i - 75 stones
 j - 63 arrows
 p - 17 bolts
 r - 36 sling bullets (quivered)
 s - 6 tomahawks
Armour
 c - a +1 shield
 m - a +0 pair of boots (worn)
 z - a +0 scale mail (worn)
Jewellery
 k - a ring of fire (left hand)
Scrolls
 b - a scroll of identify
 h - a scroll of remove curse
 t - a scroll of enchant armour
 y - a scroll of fear {unknown}
Potions
 d - 2 potions of might
 o - a potion of mutation
 q - 2 potions of heal wounds
 x - a potion of ambrosia {unknown}
Comestibles
 f - 3 rations


   Skills:
 + Level 3.2 Fighting
 + Level 0.1 Long Blades
 + Level 2.1 Polearms
 + Level 0.3(0.4) Slings
 + Level 0.4(0.5) Throwing
 + Level 3.2 Armour
 + Level 0.7 Dodging
 + Level 3.3 Shields


You had 3 spell levels left.
You didn't know any spells.
Your spell library was empty.

Dungeon Overview and Level Annotations

Branches:
Dungeon (2/15)


Innate Abilities, Weirdness & Mutations

You have an increased reservoir of magic. (+10% MP)
You have sharp toenails.
Your body sometimes deteriorates upon taking damage.
You are frail. (-10% HP)


Message History

Tossing away (i - inventory. (/) - cycle)
r - 37 sling bullets (quivered)
Press: ? - help, Shift-Dir - straight line, f/p - ogre
Aim: an ogre, wielding a +0 giant club You toss away a sling bullet.
The sling bullet hits the ogre but does no damage.
The ogre hits you with a +0 giant club.
You closely miss the ogre. The ogre hits you with a +0 giant club!
You slash the ogre!
The ogre is moderately wounded.
The ogre closely misses you.
You barely miss the ogre.
The ogre is moderately wounded.
The ogre hits you with a +0 giant club!
* * * LOW HITPOINT WARNING * * *
As you read the scroll of teleportation, it crumbles to dust.
You feel strangely unstable. The ogre barely misses you.
You riposte.
You slash the ogre!
The ogre is almost dead.
The ogre hits you with a +0 giant club!
You die...

.........#######.....# #.....
########.# #.....# ####.. #.#
###.### ##. #.# #(# #####.
########.# #.# #[....
......##.# #(# #.####
#####.##.# ##(## #.#
#####.##.########O..# #.#
#.>.............@...### #.#
#.###.##.######.......# #.#
#.###.......# #.......# #.#
.........##.###.......######.#
#.#########..................#
#.# ######....########## #.#
#...........# #.#
#.#########.# #.# #.# #.#


You could see an ogre.

Vanquished Creatures
  An adder (D:2)
  4 oozes
  A worm (D:2)
  2 dart slugs (D:1)
  3 leopard geckos
  7 bats
  4 giant cockroaches
  5 goblins
  4 hobgoblins
  3 jackals (D:2)
  4 kobolds
  4 frilled lizards (D:2)
  11 rats
53 creatures vanquished.

Notes
Turn   | Place    | Note
-------+----------+-------------------------------------------
     0 | D:1      | nganga the Demigod Fighter began the quest for the Orb.
     0 | D:1      | Reached XP level 1. HP: 18/18 MP: 3/3
    84 | D:1      | Reached XP level 2. HP: 22/25 MP: 4/4
   646 | D:1      | Gained mutation: Your body sometimes deteriorates upon
                  | taking damage. [potion of mutation]
   646 | D:1      | Gained mutation: You are frail. (-10% HP) [potion of
                  | mutation]
   646 | D:1      | Gained mutation: You have sharp toenails. [potion of
                  | mutation]
   788 | D:1      | Reached XP level 3. HP: 27/27 MP: 5/5
   965 | D:2      | Found a faded altar of an unknown god.
  1706 | D:2      | Reached XP level 4. HP: 21/34 MP: 6/6
  1732 | D:2      | Noticed a moth of wrath
  1735 | D:2      | Found a bloodstained altar of Trog.
  2486 | D:2      | Noticed an ogre
  2504 | D:2      | Mangled by an ogre

Skill      XL: |  1  2 |
---------------+-------+-----
Armour         | 3 |  3.2
Fighting       | 3 |  3.2
Shields        | 3 |  3.3
Polearms       | 2 |  2.1
Long Blades    | |  0.1
Slings         | |  0.3
Throwing       | |  0.4
Dodging        | |  0.7

Action                   |  1- 3 |  4- 6 || total
-------------------------+-------+-------++-------
Melee: Trident           |    97 |       ||    97
       Great sword       |    18 |    31 ||    49
       Kick              |     8 |       ||     8
 Fire: Hunting sling     |    15 |       ||    15
Throw: Stone             |    49 |       ||    49
  Use: Scroll            |     7 |     1 ||     8
       Potion            |     4 |       ||     4
  Eat: Chunk             |     3 |     1 ||     4
       Ration            |       |     1 ||     1
Armor: Scale mail        |    61 |    18 ||    79
Dodge: Dodged            |    49 |    23 ||    72
Block: Shield            |    64 |       ||    64
       Rpst.: Great sword |    13 |     6 ||    19
